 Dungeon Crawl Stone Soup version 0.21-a0-346-g330ab2c (webtiles) character file.

148372 Ijustatesigmund the Octopoid Aeon (level 17, -6/144 HPs)
             Began as an Octopode Fighter on Oct 5, 2017.
             Was the Champion of Cheibriados.
             Mangled by a stone giant (36 damage)
             ... on level 1 of the Depths.
             The game lasted 02:16:39 (32704 turns).

Ijustatesigmund the Octopoid Aeon (OpFi)           Turns: 32704, Time: 02:16:40

Health: -6/144     AC:  8    Str: 37    XL:     17   Next: 49%
Magic:  37/37      EV: 27    Int: 36    God:    Cheibriados [******]
Gold:   1606       SH: 31    Dex: 41    Spells: 6/24 levels left

rFire    + . .     SeeInvis +   a - +3 flail (crush)
rCold    + . .     Gourm    .   u - +6 large shield
rNeg     . . .     Faith    .   p - +3 hat of Pondering {ponderous, MR+ MP+10 Int+5}
rPois    +         Spirit   .   G - amulet of magic regeneration
rElec    +         Reflect  .   s - ring of see invisible
rCorr    .         Harm     .   N - +3 ring of intelligence
MR       ++++.                  b - +3 ring of evasion
Stlth    ++++++++..             J - +4 ring of protection
HPRegen  0.34/turn              F - ring of protection from fire
MPRegen  0.50/turn              E - ring of Fadeqix {Ice Str+4 Dex+5}
                                h - ring "Azxoko" {rElec rPois MR+ Str+3 Dex+3}
                                r - ring of Holi {rF+ MR+ Dex+2 Stlth+}

@: very slow
A: almost no armour, stealthy swim, amphibious, 8 rings, constrict 8, camouflage
1, robust 2, gelatinous body 1
a: Bend Time, Temporal Distortion, Slouch, Step From Time, Renounce Religion


You were on level 1 of the Depths.
You worshipped Cheibriados.
Cheibriados was exalted by your worship.
You were not hungry.

You visited 6 branches of the dungeon, and saw 29 of its levels.
You visited 1 bazaar.
You also visited: Labyrinth.

You collected 3003 gold pieces.
You spent 1397 gold pieces at shops.

Inventory:

Hand Weapons
 a - a +3 flail of crushing (weapon)
 w - a +0 morningstar of protection
Missiles
 t - 9 poisoned javelins (quivered)
Armour
 p - the +3 hat of Pondering (worn) {ponderous, MR+ MP+10 Int+5}
   (You bought it in a shop on level 7 of the Dungeon)

   It affects your intelligence (+5).
   It affects your resistance to hostile enchantments.
   It affects your magic capacity (+10).
 u - a +6 large shield (worn)
Jewellery
 b - a +3 ring of evasion (on tentacle)
 h - the ring "Azxoko" (on tentacle) {rElec rPois MR+ Str+3 Dex+3}
   (You bought it in a shop on level 5 of the Dungeon)

   [ring of dexterity]

   It affects your strength (+3).
   It affects your dexterity (+3).
   It insulates you from electricity.
   It protects you from poison.
   It affects your resistance to hostile enchantments.
 q - an uncursed ring of flight
 r - the ring of Holi (on tentacle) {rF+ MR+ Dex+2 Stlth+}
   (You found it on level 13 of the Dungeon)

   [ring of stealth]

   It affects your dexterity (+2).
   It protects you from fire.
   It affects your resistance to hostile enchantments.
   It makes you more stealthy.
 s - a ring of see invisible (left tentacle)
 E - the ring of Fadeqix (on tentacle) {Ice Str+4 Dex+5}
   (You acquired it in a labyrinth)

   [ring of ice]

   It enhances your ice magic.
   It affects your strength (+4).
   It affects your dexterity (+5).
   It makes you vulnerable to fire.
   It protects you from cold.
 F - a ring of protection from fire (on tentacle)
 G - an amulet of magic regeneration (around mantle)
 J - a +4 ring of protection (on tentacle)
 N - a +3 ring of intelligence (right tentacle)
Wands
 B - a wand of enslavement (0/24)
 D - a wand of digging (20/24)
 I - a wand of lightning (1/15)
 K - a wand of acid (1/15)
 P - a wand of clouds (2/9)
 Q - a wand of lightning (3/15)
 S - a wand of iceblast (7/15)
 V - a wand of iceblast (4/15)
Scrolls
 c - a scroll of fear
 e - 5 scrolls of remove curse
 k - 4 scrolls of amnesia
 n - a scroll of teleportation
 o - 3 scrolls of identify
 z - 2 scrolls of torment
 H - a scroll of summoning
 M - a scroll of immolation
 U - a scroll of silence
 Z - a scroll of fog
Potions
 i - 5 potions of flight
 j - 4 potions of ambrosia
 m - 8 potions of lignification
 A - a potion of magic
 C - a potion of resistance
 R - 2 potions of brilliance
 T - 2 potions of cancellation
 W - 2 potions of heal wounds
 X - a potion of mutation
 Y - 4 potions of curing
Books
 L - a book of Power

   Spells                             Type                      Level
   a - Iskenderun's Battlesphere      Conjuration/Charms           5
   b - Venom Bolt                     Conjuration/Poison           5
   c - Bolt of Magma                  Conjuration/Fire/Earth       5
   d - Iron Shot                      Conjuration/Earth            6
   e - Orb of Destruction             Conjuration                  7
   f - Spellforged Servitor           Conjuration/Summoning        7
 O - a book of Maledictions

   Spells                             Type                      Level
   a - Corona                         Hexes                        1
   b - Ensorcelled Hibernation        Hexes/Ice                    2
   c - Confuse                        Hexes                        3
   d - Tukima's Dance                 Hexes                        3
   e - Dazzling Spray                 Conjuration/Hexes            3
Miscellaneous
 l - a lightning rod (4/4)
 y - a sack of spiders
Comestibles
 d - 13 bread rations
 f - 18 royal jellies
 g - 14 meat rations


   Skills:
 + Level 12.3 Fighting
 + Level 12.2 Maces & Flails
 - Level 9.1 Dodging
 - Level 9.0 Stealth
 + Level 13.8 Shields
 - Level 4.2 Spellcasting
 - Level 6.6 Conjurations
 - Level 6.5 Charms
 - Level 6.6 Fire Magic
 - Level 6.4 Ice Magic
 - Level 4.1 Air Magic
 - Level 4.9 Poison Magic
 + Level 14.1 Invocations


You had 6 spell levels left.
You knew the following spells:

 Your Spells              Type           Power        Failure   Level  Hunger
a - Conjure Flame         Conj/Fire      ######..     3%          3    None
b - Ozocubu's Armour      Chrm/Ice       ######..     3%          3    None
c - Mephitic Cloud        Conj/Pois/Air  #####...     6%          3    None
d - Freezing Cloud        Conj/Ice/Air   ######....   95%         6    ######.
e - Dazzling Spray        Conj/Hex       ####..       14%         3    None


Dungeon Overview and Level Annotations

Branches:
Dungeon (15/15)            Temple (1/1) D:6            Lair (6/6) D:10
  Swamp (4/4) Lair:3        Snake (0/4) Lair:4        Slime (0/5) Lair:6
    Orc (2/2) D:12            Elf (0/3) Orc:2        Vaults (0/5) D:13
 Depths (1/5) D:15

Altars:
Ashenzari
Cheibriados
Dithmenos
Elyvilon
Fedhas
Gozag
Hepliaklqana
Kikubaaqudgha
Makhleb
Nemelex Xobeh
Okawaru
Ru
Sif Muna
Trog
Uskayaw
Vehumet
Wu Jian
Xom
Yredelemnul
Zin
Beogh

Shops:
D:5 *[:=   D:7 [   D:11 *   Orc:1 %   Orc:2 [(%(

Portals:
Hell: Depths:1

Annotations:
D:13 Sonja
Lair:4 exclusion: oklob plant
Swamp:4 Lernaean hydra


Innate Abilities, Weirdness & Mutations

You cannot wear most types of armour.
You are very stealthy in the water. (Stealth+)
You are amphibious.
You can wear up to eight rings at the same time.
You can use your tentacles to constrict eight enemies at once.
Your skin changes colour to match your surroundings (Stealth+).
Your rubbery body absorbs attacks. (AC +1, EV +1)
You are very robust. (+20% HP)


Message History

The centaur warrior shoots an arrow.
You block the arrow.
You hit the stone giant but do no damage.
The stone giant is heavily wounded.
The stone giant barely misses you.
The centaur unwields an uncursed shortbow.
You block the centaur's attack.
The centaur wields a shortbow.
The centaur shoots an arrow.
You block the arrow.
You hit the stone giant but do no damage.
The stone giant is heavily wounded.
The centaur warrior shoots an arrow.
The arrow hits you!! The arrow burns you. You block the centaur's attack.
You block the stone giant's attack.
The centaur shoots an arrow.
You block the arrow.
You are too injured to fight recklessly!
You are too injured to fight recklessly!
The centaur warrior shoots an arrow.
The arrow hits you!!
* * * LOW HITPOINT WARNING * * *
The arrow burns you.
* * * LOW HITPOINT WARNING * * *
You block the centaur's attack. The stone giant hits you!!!
You die...

......# ... #c...##
#... #....###.... ..
#............ ..#
##...........#
...###......##....#
......c.(.[...##.#
.......(.C().....#
........c@##....#..
.........#[.##..#
.....?..(#(...##.#
...###..#........∩..
.. #..#.##........ .
..#....##......
#....... ......
#.....### #.....
......# .....


You could see a stone giant, a centaur warrior and 2 centaurs.

Vanquished Creatures
  Saint Roka (Orc:2)
  A tentacled monstrosity (Swamp:1)
  Kirke (Lair:4)
  An orc warlord (Orc:1)
  Nessos (D:15)
  3 stone giants (D:15)
  The ghost of Amnesiac the Geomancer, a journeyman GnEE of Ashenzari (Orc:1)
  A dire elephant (Lair:6)
  3 spark wasps (D:15)
  2 ettins (D:15)
  A minotaur (Lab)
  2 great orbs of eyes
  A yaktaur captain (Depths:1)
  A fire dragon (Lair:6)
  An ogre mage (Depths:1)
  A rakshasa (Depths:1)
  Erolcha (D:10)
  2 ice dragons
  4 vault guards (D:13)
  16 hydras
  A catoblepas (Lair:6)
  8 alligators
  3 ghost crabs
  5 centaur warriors
  7 two-headed ogres
  A deep troll shaman (Lair:6)
  6 death yaks (Lair:6)
  4 tengu warriors
  An orc high priest (Orc:2)
  Nergalle (Orc:1)
  Urug (D:11)
  An unseen horror (D:15)
  A hell knight (D:10)
  8 swamp dragons
  2 spriggan druids (Swamp:4)
  Pikel (D:4)
  2 shambling mangroves (Swamp:1)
  A wizard (D:14)
  A necromancer (Depths:1)
  A deep elf mage (D:12)
  2 cyclopes
  An orc knight (Orc:2)
  2 orc sorcerers (Orc:2)
  11 ugly things
  3 elephants (Lair:6)
  2 manticores
  4 black mambas
  A torpor snail (Lair:3)
  13 spiny frogs
  18 rime drakes
  7 komodo dragons
  A kobold demonologist (D:13)
  3 tengu conjurers
  A meliai (D:13)
  5 polar bears
  Grinder (D:4)
  12 trolls
  4 tyrant leeches (Swamp:2)
  8 hornets
  16 blink frogs
  29 slime creatures
  4 bog bodies
  An ice dragon zombie (Depths:1)
  11 hippogriffs
  A shadow (Swamp:1)
  Sigmund (D:4)
  2 wraiths
  A redback (shapeshifter) (D:15)
  2 redbacks (Lab)
  6 spriggans
  6 wyverns
  A human (D:8)
  A basilisk (shapeshifter) (D:15)
  A water elemental (D:13)
  48 yaks
  5 hogs
  4 basilisks
  Grum (D:7)
  6 steam dragons (Lair:6)
  2 hungry ghosts
  A redback simulacrum (D:15)
  11 vampire mosquitoes
  Edmund (D:4)
  An insubstantial wisp (Swamp:4)
  3 hell hounds (D:10)
  15 swamp worms
  4 wargs
  4 acid dragons (D:13)
  5 nagas (Lair:4)
  A soldier ant (D:12)
  10 water moccasins
  11 swamp drakes
  3 phantoms
  7 porcupines
  3 sky beasts
  2 slaves (D:4)
  6 black bears
  32 orc warriors
  5 ice beasts
  A hornet zombie (D:15)
  A necrophage (D:9)
  2 eyes of draining
  15 wolves
  8 ogres
  15 crocodiles
  16 centaurs
  25 bullfrogs
  4 big kobolds
  A gnoll sergeant (D:12)
  2 wyvern skeletons
  7 scorpions
  2 killer bees (D:13)
  8 wights
  3 howler monkeys
  6 crimson imps
  A bullfrog zombie (D:6)
  A centaur zombie (D:8)
  A quasit (D:9)
  9 hounds
  2 jellies (D:10)
  A gnoll shaman (D:8)
  4 centaur skeletons
  18 orc priests
  7 bullfrog skeletons
  Jessica (D:2)
  7 hell rats (Lair:6)
  4 iguanas
  16 orc wizards
  8 worker ants
  A bullfrog simulacrum (D:13)
  A worker ant zombie (D:7)
  11 gnolls
  A howler monkey skeleton (D:11)
  17 adders
  4 shadow imps
  2 oozes (D:1)
  An adder skeleton (D:7)
  5 worms
  2 dart slugs
  6 leopard geckos
  101 orcs
  9 bats
  4 giant cockroaches
  12 goblins
  7 hobgoblins
  17 jackals
  5 quokkas
  3 ball pythons (D:3)
  7 frilled lizards
  27 kobolds
  A leopard gecko zombie (D:6)
  A quokka skeleton (D:5)
  10 rats
925 creatures vanquished.

Vanquished Creatures (collateral kills)
  3 hydras (Swamp:4)
  A swamp dragon (Swamp:4)
  2 insubstantial wisps (Swamp:4)
  A swamp worm (Swamp:4)
  2 swamp drakes (Swamp:4)
9 creatures vanquished.

Vanquished Creatures (others)
  A fire giant (D:15)
  A human (Lair:4)
  An orc (D:12)
  A butterfly (Lair:4)
  11 fungi
  25 plants
40 creatures vanquished.

Grand Total: 974 creatures vanquished

Notes
Turn   | Place    | Note
-------+----------+-------------------------------------------
     0 | D:1      | Ijustatesigmund the Octopode Fighter began the quest for the Orb.
     0 | D:1      | Reached XP level 1. HP: 16/16 MP: 1/1
   182 | D:1      | Reached XP level 2. HP: 21/21 MP: 2/2
   567 | D:1      | Reached XP level 3. HP: 23/26 MP: 3/3
  1192 | D:2      | Noticed Jessica
  1201 | D:2      | Killed Jessica
  1201 | D:2      | Reached XP level 4. HP: 14/33 MP: 4/4
  1902 | D:2      | Reached XP level 5. HP: 36/38 MP: 5/5
  2974 | D:3      | Reached XP level 6. HP: 38/45 MP: 6/6
  3227 | D:3      | Reached skill level 5 in Fighting
  3917 | D:4      | Found a burning altar of Makhleb.
  3924 | D:4      | Found a shadowy altar of Dithmenos.
  3994 | D:4      | Noticed Edmund
  4005 | D:4      | Killed Edmund
  4005 | D:4      | Reached XP level 7. HP: 27/50 MP: 7/7
  4304 | D:4      | Noticed Sigmund
  4308 | D:4      | Killed Sigmund
  4308 | D:4      | Reached skill level 5 in Maces & Flails
  4399 | D:4      | Noticed Pikel
  4410 | D:4      | Killed Pikel
  4410 | D:4      | Reached skill level 5 in Shields
  4410 | D:4      | Reached XP level 8. HP: 37/58 MP: 8/8
  4596 | D:4      | Noticed Grinder
  4599 | D:4      | Paralysed by Grinder for 7 turns
  4608 | D:4      | Killed Grinder
  4826 | D:5      | Entered Level 5 of the Dungeon
  4878 | D:5      | Found Lauwof's Jewellery Boutique.
  4881 | D:5      | Bought an uncursed ring of see invisible for 150 gold pieces
  5398 | D:5      | Found Ohyf's Armour Boutique.
  5400 | D:5      | Found Toreeplu's General Store.
  5473 | D:5      | Reached XP level 9. HP: 52/64 MP: 9/9
  5573 | D:5      | Found Tulem's Book Boutique.
  5919 | D:6      | Found a staircase to the Ecumenical Temple.
  6023 | Temple   | Entered the Ecumenical Temple
  6087 | Temple   | Became a worshipper of Cheibriados the Contemplative
  6193 | D:6      | Reached skill level 1 in Invocations
  6648 | D:6      | Reached skill level 2 in Invocations
  6930 | D:7      | Reached skill level 5 in Dodging
  6966 | D:7      | Found Batit's Armour Boutique.
  6984 | D:7      | Reached * piety under Cheibriados
  7868 | D:8      | Reached skill level 3 in Invocations
  7985 | D:8      | Noticed Grum
  8012 | D:7      | Reached XP level 10. HP: 46/71 MP: 12/12
  8158 | D:7      | Reached ** piety under Cheibriados
  8238 | D:7      | Killed Grum
  8238 | D:7      | Reached skill level 4 in Invocations
  8837 | D:8      | Noticed a two-headed ogre
  8842 | D:8      | Killed a two-headed ogre
  9110 | D:9      | Reached *** piety under Cheibriados
  9695 | D:9      | Reached XP level 11. HP: 71/78 MP: 14/14
  9699 | D:9      | Reached skill level 10 in Shields
  9801 | D:9      | Reached **** piety under Cheibriados
 10043 | D:10     | Entered Level 10 of the Dungeon
 10580 | D:10     | Noticed Erolcha
 10590 | D:10     | Killed Erolcha
 10594 | D:10     | Reached skill level 5 in Invocations
 11000 | D:10     | Reached skill level 6 in Invocations
 11008 | D:10     | Reached ***** piety under Cheibriados
 11367 | D:10     | Found a staircase to the Lair.
 11560 | D:10     | Noticed a hell knight
 11570 | D:10     | Killed a hell knight
 11570 | D:10     | Reached skill level 7 in Invocations
 11715 | D:10     | Noticed a hell knight
 11716 | D:10     | Noticed a hell knight
 11718 | D:10     | Noticed a necromancer
 11802 | D:11     | Noticed a white ugly thing
 12194 | D:11     | Reached skill level 8 in Invocations
 12201 | D:11     | Noticed Urug
 12218 | D:11     | Killed Urug
 12218 | D:11     | Reached XP level 12. HP: 14/85 MP: 10/18
 12688 | D:11     | Found Miheas's General Store.
 12697 | D:11     | Bought a scroll of teleportation for 42 gold pieces
 12697 | D:11     | Bought a scroll of identify for 28 gold pieces
 13400 | D:11     | Reached skill level 9 in Invocations
 14042 | Lair:1   | Entered Level 1 of the Lair of Beasts
 14306 | Lair:1   | Learned a level 3 spell: Conjure Flame
 14369 | Lair:1   | Reached skill level 10 in Fighting
 14538 | D:7      | Bought the +3 hat of Pondering {ponderous, MR+ MP+10 Int+5} for 495 gold pieces
 14538 | D:7      | Found the +3 hat of Pondering {ponderous, MR+ MP+10 Int+5}
 14700 | Lair:1   | Reached skill level 1 in Conjurations
 14721 | Lair:1   | Reached skill level 1 in Fire Magic
 14926 | Lair:2   | Found a labyrinth entrance.
 14933 | Lab      | Entered a labyrinth
 14953 | Lab      | Found an exit through the horrors of the Abyss.
 15068 | Lab      | Noticed a minotaur
 15070 | Lab      | Identified the Tome of the Frostbite and Black Magic
 15076 | Lab      | Killed a minotaur
 15083 | Lab      | Identified a scroll of acquirement
 15088 | Lab      | Got an ancient marble ring
 15089 | Lab      | Identified the ring of Fadeqix {Ice Str+4 Dex+5} (You acquired it in a labyrinth)
 15233 | Lair:2   | Reached skill level 10 in Invocations
 15307 | Lair:2   | Found a shimmering altar of Xom.
 15340 | Lair:2   | Reached skill level 1 in Stealth
 15346 | Lair:2   | Reached XP level 13. HP: 81/92 MP: 20/20
 15512 | Lair:2   | Learned a level 3 spell: Ozocubu's Armour
 16275 | Lair:3   | Reached skill level 5 in Stealth
 16283 | Lair:3   | Reached ****** piety under Cheibriados
 16297 | Lair:3   | Found a staircase to the Swamp.
 16960 | Lair:4   | Reached skill level 5 in Conjurations
 16960 | Lair:4   | Reached skill level 5 in Fire Magic
 17055 | Lair:4   | Reached skill level 1 in Charms
 17055 | Lair:4   | Reached skill level 1 in Ice Magic
 17518 | Lair:4   | Noticed Kirke
 17532 | Lair:4   | Killed Kirke
 17542 | Lair:4   | Gained mutation: You are robust. (+10% HP) [potion of mutation]
 17542 | Lair:4   | Gained mutation: You are very robust. (+20% HP) [potion of mutation]
 17661 | Lair:4   | Found a staircase to the Snake Pit.
 18644 | Lair:6   | Entered Level 6 of the Lair of Beasts
 18660 | Lair:6   | Reached XP level 14. HP: 73/118 MP: 21/21
 18848 | Lair:6   | Reached skill level 10 in Maces & Flails
 19170 | Lair:6   | Found a staircase to the Slime Pits.
 19633 | Lair:6   | Noticed a dire elephant
 19652 | Lair:6   | Killed a dire elephant
 19664 | Lair:6   | Reached skill level 11 in Invocations
 20432 | D:5      | Bought the ring "Azxoko" {rElec rPois MR+ Str+3 Dex+3} for 458 gold pieces
 20706 | D:12     | Found a staircase to the Orcish Mines.
 20883 | D:12     | Reached skill level 1 in Spellcasting
 21507 | D:13     | Found an opulent altar of Gozag.
 21727 | D:13     | Reached skill level 5 in Charms
 21727 | D:13     | Reached XP level 15. HP: 128/128 MP: 23/23
 21803 | D:13     | Reached skill level 5 in Ice Magic
 22002 | D:13     | Found a gate to the Vaults.
 22539 | Lair:1   | Learned a level 3 spell: Mephitic Cloud
 22546 | Lair:1   | Learned a level 6 spell: Freezing Cloud
 23130 | Swamp:1  | Entered Level 1 of the Swamp
 23213 | Swamp:1  | Reached skill level 1 in Poison Magic
 23219 | Swamp:1  | Reached skill level 1 in Air Magic
 23684 | Swamp:1  | Learned a level 3 spell: Dazzling Spray
 23782 | Swamp:1  | Noticed a tentacled monstrosity
 23794 | Swamp:1  | Killed a tentacled monstrosity
 26072 | Swamp:4  | Entered Level 4 of the Swamp
 26117 | Swamp:4  | Reached XP level 16. HP: 134/134 MP: 24/24
 26290 | Swamp:4  | Noticed the 27-headed Lernaean hydra
 26299 | Swamp:4  | Reached skill level 12 in Invocations
 26918 | Orc:1    | Entered Level 1 of the Orcish Mines
 26988 | Orc:1    | Noticed Nergalle
 26997 | Orc:1    | Killed Nergalle
 27517 | Orc:2    | Entered Level 2 of the Orcish Mines
 27554 | Orc:2    | Found a staircase to the Elven Halls.
 27582 | Orc:2    | Found a flickering gateway to a bazaar.
 27601 | Bazaar   | Entered a bazaar
 27609 | Bazaar   | Found Uway's Book Shop.
 27620 | Bazaar   | Found Mefank's Gadget Shop.
 27870 | Orc:2    | Found a roughly hewn altar of Beogh.
 27926 | Orc:1    | Noticed Amnesiac's ghost (journeyman GnEE)
 28147 | Orc:1    | Killed Amnesiac's ghost
 28191 | Orc:1    | Found Ynuiwa's Food Shop.
 28362 | Orc:2    | Found a roughly hewn altar of Beogh.
 28430 | Orc:2    | Found a roughly hewn altar of Beogh.
 28433 | Orc:2    | Found Wisch's Food Shop.
 28635 | Orc:2    | Found a roughly hewn altar of Beogh.
 28635 | Orc:2    | Found Xithrynlu's Antique Weapon Boutique.
 28773 | Orc:2    | Noticed Saint Roka
 28803 | Orc:2    | Killed Saint Roka
 28803 | Orc:2    | Reached skill level 13 in Invocations
 29093 | Orc:2    | Found Fuerin's Antique Weapon Shoppe.
 29094 | Orc:2    | Found a roughly hewn altar of Beogh.
 29099 | Orc:2    | Found Litaonuth's Antique Armour Emporium.
 29116 | Orc:2    | Bought a runed morningstar for 224 gold pieces
 29216 | D:13     | Noticed Sonja
 29229 | D:13     | Got a warped amethyst amulet
 29230 | D:13     | Identified the amulet of Hiqibari {+Rage Str+2} (You found it on level 13 of the Dungeon)
 29239 | D:13     | Got a twitching silver ring
 29241 | D:13     | Identified the ring of Holi {rF+ MR+ Dex+2 Stlth+} (You found it on level 13 of the Dungeon)
 29813 | D:14     | Found a burning altar of Makhleb.
 29957 | D:14     | Found a basalt altar of Yredelemnul.
 30229 | D:15     | Entered Level 15 of the Dungeon
 30248 | D:15     | Noticed Nessos
 30262 | D:15     | Killed Nessos
 30679 | D:15     | Found a staircase to the Depths.
 30692 | D:15     | Reached XP level 17. HP: 122/142 MP: 27/27
 31091 | D:15     | Found a sacrificial altar of Ru.
 31122 | Depths:1 | Entered Level 1 of the Depths
 31123 | Depths:1 | Found a gateway to Hell.
 32545 | D:15     | Reached skill level 14 in Invocations
 32704 | Depths:1 | Mangled by a stone giant

Vault maps used:
D:1:      scummos_arrival_star
D:2:      kennysheep_flooded_box, st_stairs_12, corexii_shack, uniq_jessica
D:3:      serial_bayou_lagoon_a
D:4:      lemuel_crystal_altar, first_bread, nicolae_dithmenos_the_darkroom,
          uniq_pikel, uniq_grinder, uniq_sigmund, uniq_edmund
D:5:      serial_shops, shop, shop, shop, kennysheep_mini,
          kennysheep_generic_room_12
D:6:      minmay_temple_entry_crystal_x
D:7:      serial_shops, nicolae_shop_stone, serial_co_window_serial,
          co_window_cross_1, co_window_corner_a, co_window_paths_b,
          co_window_paths_a, co_window_corner_a, co_window_paths_a,
          co_window_of_opportunity_a, co_window_paths_a, co_window_corner_a,
          co_window_of_opportunity_c, co_window_of_opportunity_c,
          co_window_2corner, co_window_4corner_a, glass_columns_a,
          glass_columns_a, glass_columns_b
D:8:      grunt_livestock, uniq_grum
D:9:      serial_park_tiny_1
D:10:     david_lair_shrubbed, minmay_rotating_lava, uniq_erolcha
D:11:     serial_shops, shop, uniq_urug
D:12:     orc_0_dummy
D:13:     cheibrodos_elevator_heist, lightli_vaults_fourway_checkpoint,
          basic_altar, minivault_14, uniq_sonja
D:14:     yredelemnul_altar_generic, basic_altar
D:15:     hangedman_depths_entry_try_elsewhere_first, nicolae_ru_path_of_blood,
          nicolae_two_hexagons, uniq_nessos
Temple:   compressed_dpeg_triangle_lava_temple
Lair:1:   lemuel_fruit_tree
Lair:2:   basic_altar, lab_entry_generic, cheibrodos_lair_reptile_den,
          grunt_megastairs_5, serial_bayou_shore_a, serial_bayou_shore_b
Lair:3:   swamp_mist, minivault_27, grunt_forest_stairs_clearing
Lair:4:   minmay_snake_entry_guardpost_medium, lemuel_fruit_fields,
          lemuel_fruit_fields, uniq_kirke
Lair:5:   gammafunk_lair_bear_cave, grunt_megastairs_2
Lair:6:   grunt_lair_end_beastmaster, slime_dummy, bobbens_dragon_lair_wall
Swamp:1:  evilmike_swamp_ruin_wall, swamp_pool4
Swamp:2:  hangedman_swamp_ruin_wall
Swamp:3:  infiniplex_staircase_pool, swamp_pool4, nicolae_swamp_fairy_circle
Swamp:4:  swamp_old_school, portal_ice_cave_entry_ice_statue_one, swamp_pool1,
          nicolae_swamp_round_clearing, nicolae_swamp_alligator_family
Orc:1:    serial_shops, nicolae_shop_behind_doors, uniq_nergalle
Orc:2:    grunt_orc_community_town_hall, grunt_orc_community_big_house_2,
          grunt_orc_community_big_house_1, grunt_orc_community_house_3,
          grunt_orc_community_house_2, grunt_orc_community_house_2,
          grunt_orc_community_house_1, serial_shops, bzr_entry_gold
Depths:1: enter_ziggurat_d, serial_shops, shop, nicolae_shop_statue_plus,
          abyss_entry_small_statue_room, serial_sigils,
          serial_sigils_hangedman_stare, serial_sigils_hangedman_clutch,
          serial_sigils_hangedman_gut, serial_sigils_hangedman_gnaw,
          serial_sigils_hangedman_quiver, hell_entry,
          nrook_kobold_shadow_demons, uniq_mara
Lab:      labyrinth_hidden_loot, nicolae_lab_t_cross, nicolae_lab_flowing_pool,
          lab_fountain
Bazaar:   bazaar_jpeg_cross

Skill      XL: |  1  2  3  4  5  6  7  8  9 10 11 12 13 14 15 16 17 |
---------------+----------------------------------------------------+-----
Maces & Flails | 3 4 6 7 8 9 11 12 | 12.2
Fighting       | 4 5 6 7 8 9 10 11 12 | 12.3
Shields        | 4 5 6 8 9 10 11 13 | 13.8
Dodging        | 5 6 9 |  9.1
Invocations    | 3 4 8 10 11 13 14 | 14.1
Conjurations   | 3 5 6 |  6.6
Fire Magic     | 3 5 6 |  6.6
Stealth        | 1 9 |  9.0
Charms         | 4 5 6 |  6.5
Ice Magic      | 4 6 |  6.4
Spellcasting   | 2 4 |  4.2
Poison Magic   | 4 |  4.9
Air Magic      | 4 |  4.1

Action                   |  1- 3 |  4- 6 |  7- 9 | 10-12 | 13-15 | 16-18 || total
-------------------------+-------+-------+-------+-------+-------+-------++-------
Melee: Flail             |    66 |   117 |   168 |   451 |   793 |   605 ||  2200
       Constrict         |    17 |    32 |    41 |    97 |    99 |    94 ||   380
       Tentacles         |     9 |    11 |    31 |   201 |   346 |   269 ||   867
Throw: Javelin           |       |       |       |     6 |    24 |     5 ||    35
 Cast: Ozocubu's Armour  |       |       |       |       |     7 |    12 ||    19
       Conjure Flame     |       |       |       |       |     7 |       ||     7
       Dazzling Spray    |       |       |       |       |       |     1 ||     1
Invok: Bend Time         |       |       |       |     2 |       |       ||     2
       Slouch            |       |       |       |     3 |     3 |     9 ||    15
       Step From Time    |       |       |       |       |       |     3 ||     3
Evoke: Wand              |     2 |    15 |    14 |    19 |    17 |    21 ||    88
       Lightning rod     |       |       |       |     2 |       |     1 ||     3
       Sack of spiders   |       |       |       |     1 |       |     1 ||     2
  Use: Scroll            |     5 |     6 |     7 |    16 |    19 |     6 ||    59
       Potion            |     1 |       |     1 |     7 |     3 |     6 ||    18
 Stab: Sleeping          |     5 |     3 |     5 |    11 |    35 |    20 ||    79
       Distracted        |       |     1 |       |     1 |    10 |     3 ||    15
       Petrified         |       |       |       |       |     7 |       ||     7
       Petrifying        |       |       |       |       |     2 |       ||     2
       Paralysed         |       |       |       |       |     2 |       ||     2
       Confused          |       |       |       |       |       |     1 ||     1
  Eat: Chunk             |     1 |     9 |     7 |     9 |     7 |     5 ||    38
       Royal jelly       |       |       |     2 |     2 |       |       ||     4
       Fruit             |       |       |       |       |    19 |    10 ||    29
Armor: Skin              |     1 |     7 |     3 |     7 |    33 |    38 ||    89
Dodge: Dodged            |    29 |    56 |    40 |   184 |   297 |   363 ||   969
Block: Shield            |    21 |    52 |    18 |       |       |       ||    91
       Large shield      |       |       |    92 |   551 |   951 |   921 ||  2515

Table legend:
 A = Spawn XP
 B = Non-spawn XP
 C = Spawn XP percentage of total XP
 D = Spawn monster count
 E = Non-spawn monster count
 F = Spawn count percentage of total count
 G = Total turns spent on level
                    A         B        C        D         E        F      G
               +---------+---------+-------+---------+---------+-------+---------
         Total |       0 |  211960 |   0.0 |       0 |     933 |   0.0 | 32704
               +---------+---------+-------+---------+---------+-------+---------
           D:1 |       0 |      54 |   0.0 |       0 |      24 |   0.0 |  1075
           D:2 |       0 |     163 |   0.0 |       0 |      30 |   0.0 |  1237
           D:3 |       0 |     205 |   0.0 |       0 |      37 |   0.0 |  1450
           D:4 |       0 |    1500 |   0.0 |       0 |      16 |   0.0 |  1064
           D:5 |       0 |     612 |   0.0 |       0 |      13 |   0.0 |  1105
           D:6 |       0 |     982 |   0.0 |       0 |      19 |   0.0 |   835
           D:7 |       0 |    1139 |   0.0 |       0 |      20 |   0.0 |  1476
           D:8 |       0 |    3118 |   0.0 |       0 |      42 |   0.0 |  1123
           D:9 |       0 |    1893 |   0.0 |       0 |      35 |   0.0 |   990
          D:10 |       0 |    8301 |   0.0 |       0 |      49 |   0.0 |  2396
          D:11 |       0 |    5918 |   0.0 |       0 |      49 |   0.0 |  1666
          D:12 |       0 |    5210 |   0.0 |       0 |      29 |   0.0 |  1281
          D:13 |       0 |   12766 |   0.0 |       0 |      49 |   0.0 |  1144
          D:14 |       0 |   13258 |   0.0 |       0 |      38 |   0.0 |   871
          D:15 |       0 |   28991 |   0.0 |       0 |      43 |   0.0 |  2333
        Lair:1 |       0 |    5046 |   0.0 |       0 |      26 |   0.0 |   906
        Lair:2 |       0 |    3772 |   0.0 |       0 |      15 |   0.0 |   874
        Lair:3 |       0 |    4070 |   0.0 |       0 |      20 |   0.0 |   913
        Lair:4 |       0 |    9720 |   0.0 |       0 |      33 |   0.0 |   967
        Lair:5 |       0 |    4982 |   0.0 |       0 |      17 |   0.0 |   823
        Lair:6 |       0 |   25092 |   0.0 |       0 |      72 |   0.0 |  1902
       Swamp:1 |       0 |   13138 |   0.0 |       0 |      28 |   0.0 |   991
       Swamp:2 |       0 |    7471 |   0.0 |       0 |      22 |   0.0 |  1025
       Swamp:3 |       0 |   10651 |   0.0 |       0 |      27 |   0.0 |  1202
       Swamp:4 |       0 |   18758 |   0.0 |       0 |      43 |   0.0 |   364
         Orc:1 |       0 |    5136 |   0.0 |       0 |      27 |   0.0 |   769
         Orc:2 |       0 |   12232 |   0.0 |       0 |      96 |   0.0 |  1466
      Depths:1 |       0 |    6266 |   0.0 |       0 |      11 |   0.0 |   142
           Lab |       0 |    1516 |   0.0 |       0 |       3 |   0.0 |   196
               +---------+---------+-------+---------+---------+-------+---------
